 Dungeon Crawl Stone Soup version 0.28.0 (webtiles) character file.

Game seed: 15334162927265348348

7 themarg the Charlatan (level 2, -3/19 HPs)
             Began as a Gnoll Wanderer on Feb 18, 2022.
             Slain by a gnoll (8 damage)
             ... on level 1 of the Dungeon.
             The game lasted 00:01:14 (523 turns).

themarg the Charlatan (Gnoll Wanderer)               Turns: 523, Time: 00:01:14

Health: -3/19      AC:  2    Str: 10    XL:     2   Next: 0%
Magic:  4/5        EV: 11    Int: 16    God:
Gold:   14         SH:  0    Dex: 13    Spells: 5/6 levels left

rFire   . . .      SeeInvis .   a - +0 mace
rCold   . . .      Faith    .   (no shield)
rNeg    . . .      Spirit   .   c - +0 robe
rPois   .          Reflect  .   (no helmet)
rElec   .          Harm     .   (no cloak)
rCorr   .          Rampage  .   (no gloves)
Will    .....                   (no boots)
Stlth   +.........              (no amulet)
HPRegen 0.06/turn               d - +6 ring of intelligence
MPRegen 0.09/turn               (no ring)

@: no status effects
A: fangs 1, strong nose, distributed training
a: no special abilities


You were on level 1 of the Dungeon.
You visited 1 branch of the dungeon, and saw 1 of its levels.

You collected 14 gold pieces.

Inventory:

Hand Weapons
 a - a +0 mace (weapon)
Armour
 c - a +0 robe (worn)
Jewellery
 d - a +6 ring of intelligence (left hand)
Miscellaneous
 b - a piece from Xom's chessboard (15/15)


   Skills:
 + Level 0.2 Fighting
 + Level 0.2 Short Blades
 + Level 0.2 Long Blades
 + Level 0.2 Axes
 + Level 4.4 Maces & Flails
 + Level 0.2 Polearms
 + Level 0.2 Staves
 + Level 0.2 Slings
 + Level 0.2 Bows
 + Level 0.2 Crossbows
 + Level 0.2 Throwing
 + Level 2.4 Armour
 + Level 0.2 Dodging
 + Level 0.2 Stealth
 + Level 0.2 Shields
 + Level 0.2 Unarmed Combat
 + Level 2.6 Spellcasting
 + Level 0.1 Conjurations
 + Level 0.1 Hexes
 + Level 5.3 Summonings
 + Level 0.1 Necromancy
 + Level 0.1 Translocations
 + Level 0.1 Transmutations
 + Level 0.1 Fire Magic
 + Level 0.1 Ice Magic
 + Level 0.1 Air Magic
 + Level 0.1 Earth Magic
 + Level 0.1 Poison Magic
 + Level 0.3 Invocations
 + Level 6.4 Evocations


You had 5 spell levels left.
You knew the following spells:

 Your Spells              Type           Power      Damage    Failure   Level
a - Summon Small Mammal   Summ           76%        N/A       2%          1

Your spell library contained the following spells:

 Spells                   Type           Power      Damage    Failure   Level
 Call Canine Familiar     Summ           19%        N/A       6%          3
 Animate Armour           Summ/Erth      22%        N/A       52%         4


Dungeon Overview and Level Annotations

Branches:
Dungeon (1/15)

Altars:


Innate Abilities, Weirdness & Mutations

You have very sharp teeth.
Your uncanny sense of smell can sniff out nearby items.
Your experience applies equally to all skills.


Message History

There is an open door here.
Found a stone staircase leading down.
d - a +6 ring of intelligence You feel clever.
d - a +6 ring of intelligence (left hand)
There is a stone staircase leading down here.
You open the door.
There is an open door here.
A goblin and a rat come into view.
Found an escape hatch in the floor.
The goblin shouts!
The rat twitches its whiskers.
There is an escape hatch in the floor here.
You hit the rat.
You kill the rat!
The goblin misses you.
You see here a rat corpse.
You hit the goblin.
You kill the goblin!
You have reached level 2!
Search for what [? for help]? armor
There is an escape hatch in the floor here.
There is an open door here.
Found a scroll labelled TIROET TOBLI.
A gnoll comes into view. It is wielding a +0 club.
The gnoll shouts!
The gnoll hits you with a +0 club.
You hit the gnoll but do no damage. The gnoll closely misses you.
The gnoll hits you with a +0 club.
You hit the gnoll.
The gnoll is moderately wounded.
The gnoll hits you with a +0 club.
You hit the gnoll but do no damage.
The gnoll is moderately wounded.
The gnoll hits you with a +0 club.
* * * LOW HITPOINT WARNING * * *
Casting: Summon Small Mammal (safe; 2% risk of failure)
Confirm with . or Enter, or press ? or * to list all spells.
The gnoll hits you with a +0 club!
You die...

....+.....#..####'#####
....##.##.#..# #.# .
....##.##....# #.# ...
.#####.##....#
#.#####..... .#
#.##....# #..>†)......
.# #.#..###############
.. .##.#........?....
###+#.............r.....
......P...#.....@g......
....P♣♣P..#....#######.#
....P♣♣♣♣..........
.....P♣P........######.
..........##...........
######.....#.#.######..
..# ##..♣♣P..#..###.#
♣.♣ #.P.♣♣♣..#......#
..# #.PPP♣.P.##.###.#


You could see a gnoll (ally target) and a friendly rat (summoned).

Vanquished Creatures
  An endoplasm (D:1)
  2 goblins (D:1)
  A hobgoblin (D:1)
  2 rats (D:1)
6 creatures vanquished.

Notes
Turn   | Place    | Note
-------+----------+-------------------------------------------
     0 | D:1      | themarg the Gnoll Wanderer began the quest for the Orb.
     0 | D:1      | themarg set off with the following items: a +0 mace, a
                  | piece from Xom's chessboard (15/15), a +0 robe; and the
                  | following spell memorised: Summon Small Mammal; and the
                  | following spells available to memorise: Call Canine
                  | Familiar, Animate Armour
     0 | D:1      | Reached XP level 1. HP: 13/13 MP: 4/4
   499 | D:1      | Reached XP level 2. HP: 19/19 MP: 5/5
   523 | D:1      | Slain by a gnoll

Illustrated notes

Levels and vault maps discovered:
D:1:      psy_arrival_fountain, layout_basic, serial_forest,
          infiniplex_forest_lined_room_2, infiniplex_forest_lined_room_,
          infiniplex_forest_straight_4, infiniplex_forest_lined_3_way,
          infiniplex_forest_clump_double, infiniplex_forest_clump_double,
          infiniplex_forest_lined_2, infiniplex_forest_straight_4,
          serial_park_tiny_1

Action                   || total
-------------------------++-------
Melee: Mace              ||    17
       Bite              ||     2
 Cast: Summon Small Mamm ||     2
Armor: Robe              ||     2
Dodge: Dodged            ||     6
